AoeStats
← u2roOck

Arena

510857730Analyzed
4v4 RM · 13h ago on Oct 2, 2026· 37m 20s· 8 players
Game mode
Random Map
Map size
Large (8 player)
Population
200
Speed
Normal
Resources
Standard
Victory
Conquest
Starting age
Dark Age
Ending age
Imperial Age
RankedLock teamsTeams togetherTeam positionsShared explorationLock speedFull tech treeHidden civsTurbo modeCheats
Victory
Defeat
🇲🇽 Britons · Mexico
1152
+14
🇲🇽 Spanish · Mexico
1118
+15
🇺🇸 Vikings · United States
1115
+15
🇲🇽 Spanish · Mexico
1113
+15
🇫🇷 Persians · France
1137
-16
🇪🇸 Hindustanis · Spain
1135
-16
🇺🇸 Saxons · United States
1071
-14
🇪🇸 Wu · Spain
1063
-13
DSLG | Maxteel97
10:39 Feudal Age
11:22 Feudal Age
12:11 Double-Bit Axe
14:57 Castle Age
13:25 Horse Collar
19:19 Fletching
23:02 Bodkin Arrow
29:21 Imperial Age
28:38 Wheelbarrow
28:10 Padded Archer Armor
29:06 Yeomen
28:46 Gold Mining
29:38 Leather Archer Armor
30:09 Bracer
31:54 Chemistry
32:52 Ring Archer Armor
32:33 Forging
33:47 Hand Cart
34:12 Ballistics
34:20 Heavy Plow
35:22 Elite Longbowman
Zizzle4879
11:52 Feudal Age
11:43 Loom
12:28 Horse Collar
13:28 Loom
17:02 Castle Age
14:57 Double-Bit Axe
16:46 Forging
18:57 Heavy Plow
23:06 Scale Mail Armor
23:47 Squires
24:00 Gold Mining
24:58 Town Watch
30:09 Imperial Age
28:33 Iron Casting
28:22 Arson
28:55 Chain Mail Armor
29:26 Gold Shaft Mining
30:37 Stone Mining
30:26 Elite Varangian Guard
32:03 Plate Mail Armor
32:36 Conscription
u2roOck
9:34 Feudal Age
16:34 Castle Age
15:50 Horse Collar
16:00 Double-Bit Axe
17:00 Bloodlines
19:44 Husbandry
21:55 Padded Archer Armor
26:20 Bow Saw
34:19 Imperial Age
33:39 Heavy Plow
33:57 Scale Barding Armor
34:02 Forging
34:31 Cavalier
37:05 Chemistry
DSLG bolbie
10:52 Feudal Age
10:19 Loom
14:20 Castle Age
12:47 Double-Bit Axe
19:41 Bow Saw
23:04 Bloodlines
23:20 Redemption
27:15 Husbandry
33:44 Gold Mining
34:53 Wheelbarrow
34:17 Town Watch
35:16 Padded Archer Armor
mrbubbles019
7:58 Loom
11:32 Feudal Age
15:18 Castle Age
13:44 Loom
14:22 Double-Bit Axe
14:19 Horse Collar
27:51 Wheelbarrow
29:05 Gold Mining
29:45 Heavy Plow
33:46 Imperial Age
31:50 Fletching
32:01 Padded Archer Armor
32:25 Bow Saw
32:40 Hand Cart
32:08 Elite Skirmisher
34:17 Bodkin Arrow
34:37 Leather Archer Armor
35:08 Gold Shaft Mining
36:49 Chemistry
37:08 Two-Man Saw
36:37 Bracer
38:19 Ring Archer Armor
38:11 Ballistics
Ch0wee
7:28 Loom
10:17 Feudal Age
11:53 Loom
15:39 Castle Age
13:46 Double-Bit Axe
13:58 Horse Collar
16:34 Bow Saw
18:18 Heavy Plow
20:44 Wheelbarrow
20:29 Gold Mining
23:45 Hand Cart
25:34 Scale Barding Armor
25:40 Forging
25:45 Bloodlines
25:35 Husbandry
26:53 Scale Mail Armor
27:18 Chain Barding Armor
27:43 Gold Shaft Mining
29:11 Iron Casting
28:28 Fletching
35:39 Imperial Age
35:18 Cavalier
36:35 Plate Barding Armor
37:03 Blast Furnace
Mameluco adbuser
2:22 Loom
11:00 Feudal Age
12:04 Double-Bit Axe
15:07 Castle Age
13:08 Horse Collar
13:52 Fletching
22:58 Bodkin Arrow
25:06 Town Watch
25:22 Padded Archer Armor
25:38 Bow Saw
27:17 Red Cliffs Tactics
30:05 Wheelbarrow
30:17 Squires
30:26 Scale Mail Armor
32:17 Ballistics
32:30 Chain Mail Armor
Cloud
2:34 Loom
10:30 Feudal Age
11:01 Double-Bit Axe
12:52 Horse Collar
17:01 Castle Age
Connection lost

Rejoining the realm…

Still unreachable

The connection could not be restored.

Session expired

The server has moved on; the page needs a fresh start.